Map: Ever Dream LE

Players

Neeblet (Neeb) - Winner!

  • Race: Protoss Protoss
  • Spawn Location: 1:00

liquidthermy (uThermal)

  • Race: Terran Terran
  • Spawn Location: 7:00

Event: StayAtHomestory Cup #1

VOD

Have the link to the VOD?

Description

Time

  • Played on: April 10, 2020, 2:22 p.m.
  • Length: 13:40

All games in this series

Show
View Real Time Build Order
Export as new Build Order

Neeblet Protoss - Winner!

Build Orders: 1 Gate Expand, Colossus Rush 

Get SALT Encoding   

  12  0:00  Probe  
  13  0:13  Probe  
  14  0:18  Pylon  
  14  0:25  Probe (Chrono Boost)  
  15  0:37  Probe (Chrono Boost)  
  15  0:39  Gateway  
  16  0:44  Probe (Chrono Boost)  
  16  0:46  Assimilator  
  17  0:51  Probe  
  18  1:03  Probe  
  19  1:15  Probe  
  20  1:25  Nexus  
  20  1:32  Cybernetics Core  
  20  1:36  Probe  
  21  1:41  Assimilator  
  21  1:48  Probe  
  21  1:49  Pylon  
  22  2:00  Probe (Chrono Boost)  
  23  2:05  Stalker (Chrono Boost)  
  23  2:10  Probe (Chrono Boost)  
  23  2:13  Warp Gate  
  23  2:15  Probe (Chrono Boost)  
  27  2:26  Probe  
  27  2:29  Sentry (Chrono Boost)  
  31  2:37  Probe  
  31  2:38  Probe  
  32  2:44  Robotics Facility  
  32  2:48  Adept (Chrono Boost)  
  32  2:49  Probe  
  32  2:50  Probe  
  36  3:01  Probe  
  36  3:02  Probe  
  38  3:13  Probe (Chrono Boost), Gateway  
  38  3:14  Gateway  
  38  3:16  Probe (Chrono Boost)  
  38  3:17  Pylon  
  40  3:25  Probe (Chrono Boost)  
  40  3:26  Pylon  
  42  3:32  Probe (Chrono Boost)  
  42  3:33  Probe (Chrono Boost), Observer  
  44  3:36  Assimilator  
  44  3:38  Assimilator  
  44  3:39  Probe x2  
  46  3:51  Probe x2  
  49  3:56  Observer  
  49  4:02  Stalker  
  51  4:03  Probe  
  51  4:04  Probe  
  51  4:08  Pylon, Nexus  
  53  4:15  Probe, Pylon  
  54  4:17  Stalker  
  54  4:21  Observer  
  54  4:23  Stalker  
  59  4:25  Observer  
  59  4:26  Probe  
  59  4:29  Stalker  
  62  4:36  Robotics Bay  
  62  4:37  Probe  
  63  4:44  Pylon  
  62  4:46  Immortal (Chrono Boost)  
  62  4:51  Probe  
  68  4:52  Probe  
  68  4:55  Shield Battery  
  68  5:00  Sentry  
  68  5:03  Probe  
  71  5:08  Pylon  
  71  5:10  Probe  
  71  5:15  Probe  
  71  5:17  Stalker x2  
  71  5:21  Probe  
  77  5:23  Colossus (Chrono Boost)  
  77  5:26  Shield Battery  
  83  5:34  Zealot  
  85  5:36  Shield Battery  
  85  5:39  Shield Battery  
  85  5:43  Stalker x2  
  85  5:47  Probe  
  90  5:51  Probe  
  90  5:53  Probe  
  92  6:00  Colossus  
  84  6:10  Zealot x2  
  86  6:12  Zealot  
  86  6:14  Forge  
  86  6:15  Probe  
  86  6:16  Twilight Council, Extended Thermal Lance (Chrono Boost)  
  89  6:19  Probe  
  88  6:27  Probe x2  
  88  6:31  Probe  
  89  6:35  Protoss Ground Weapons Level 1 (Chrono Boost)  
  89  6:39  Probe, Gateway x2  
  90  6:41  Blink (Chrono Boost)  
  90  6:42  Gateway  
  90  6:44  Sentry x3  
  90  6:45  Gateway  
  96  6:47  Gateway  
  96  6:48  Pylon  
  96  6:58  Warp Prism (Chrono Boost)  
  98  7:02  Probe x3  
  98  7:07  Assimilator  
  101  7:09  Stalker  
  101  7:11  Assimilator  
  101  7:12  Stalker  
  105  7:19  Probe x2  
  105  7:20  Probe  
  107  7:31  Stalker  
  109  7:37  Pylon  
  109  7:40  Stalker x4  
  109  7:42  Pylon  
  117  7:46  Observer  
  117  7:48  Pylon  
  117  7:52  Pylon  
  117  7:56  Stalker x4  
  125  8:16  Stalker x4  
  125  8:17  Nexus  
  125  8:19  Pylon  
  133  8:20  Stalker x2  
  133  8:21  Stalker  
  139  8:33  Stalker  
  128  8:38  Probe  
  116  8:52  Probe  
  116  8:53  Probe  
  116  8:55  Probe, Stalker x3  
  113  8:56  Stalker x4  
  125  9:03  Protoss Ground Armor Level 1 (Chrono Boost)  
  125  9:04  Probe  
  125  9:05  Probe  
  125  9:07  Probe, Charge (Chrono Boost)  
  126  9:16  Probe  
  127  9:19  Probe, Disruptor  
  129  9:29  Probe (Chrono Boost)  
  129  9:31  Probe x2 (Chrono Boost)  
  132  9:36  Sentry  
  132  9:37  Sentry, Zealot x3  
  142  9:39  Probe (Chrono Boost)  
  142  9:42  Probe (Chrono Boost)  
  144  9:48  Probe (Chrono Boost)  
  145  9:55  Disruptor  
  145  9:57  Robotics Facility  
  148  10:02  Templar Archives  
  148  10:15  Zealot x5  
  148  10:16  Zealot x2  
  148  10:17  Probe  
  148  10:18  Probe  
  148  10:19  Probe x2  
  166  10:28  Forge, Disruptor (Chrono Boost)  
  165  10:30  Probe x2  
  165  10:31  Probe x2  
  171  10:42  Probe  
  172  10:52  Protoss Ground Armor Level 2 (Chrono Boost)  
  172  10:56  Protoss Ground Weapons Level 2 (Chrono Boost), Pylon  
  172  10:58  Pylon  
  172  11:01  Pylon  
  172  11:06  Probe, Disruptor  
  172  11:08  Disruptor  
  165  11:16  High Templar  
  165  11:17  Zealot x6, High Templar  
  173  11:26  Assimilator  
  173  11:30  Assimilator, Photon Cannon  
  173  11:32  Shield Battery  
  173  11:33  Archon  
  173  11:34  Photon Cannon  
  173  11:39  Gateway  
  173  11:40  Dark Shrine, Gateway  
  173  11:41  Disruptor  
  176  11:49  Zealot, High Templar x2  
  176  11:50  Stalker x2, Zealot x3  
  190  12:07  Psionic Storm  
  190  12:09  Pylon, Photon Cannon  
  190  12:10  Shield Battery, Archon  
  190  12:17  Pylon  
  190  12:19  Pylon  
  190  12:21  High Templar x2  
  190  12:22  High Templar  
  177  12:45  Disruptor  
  177  12:47  Zealot x3  
  177  12:48  Zealot x2  
  177  12:54  Disruptor  
  166  13:12  Zealot  
  166  13:13  Zealot x7  
  173  13:24  Nexus  
  176  13:33  Nexus  
Show
View Real Time Build Order
Export as new Build Order

liquidthermy Terran 

Build Orders: Reaper Expand, Banshee Rush 

Get SALT Encoding   

  12  0:01  SCV  
  13  0:13  SCV  
  14  0:17  Supply Depot  
  14  0:25  SCV  
  15  0:38  SCV  
  15  0:39  Barracks  
  15  0:42  Refinery  
  16  0:50  SCV  
  17  1:02  SCV  
  18  1:14  SCV  
  19  1:26  Reaper  
  19  1:27  Orbital Command  
  20  1:42  Command Center  
  20  1:51  Supply Depot  
  20  1:53  SCV  
  21  1:58  Marine  
  22  2:06  SCV  
  23  2:11  Factory  
  23  2:18  SCV  
  23  2:20  Barracks Reactor, Bunker  
  24  2:30  SCV  
  24  2:32  Refinery  
  25  2:42  SCV  
  26  2:54  SCV  
  26  2:57  Hellion, Marine x2, Starport  
  31  3:01  Orbital Command  
  30  3:06  SCV  
  31  3:15  Marine x2  
  31  3:18  SCV, Widow Mine  
  37  3:27  SCV  
  37  3:30  SCV  
  37  3:31  Supply Depot  
  37  3:33  Starport Tech Lab  
  37  3:34  Marine x2  
  38  3:39  SCV  
  41  3:43  Factory Tech Lab  
  41  3:44  SCV  
  41  3:51  SCV  
  41  3:52  Cloaking Field  
  41  3:53  Banshee  
  41  3:54  Marine  
  41  3:55  Marine  
  47  3:57  SCV  
  48  4:07  SCV  
  48  4:08  Supply Depot  
  47  4:12  Marine x2, Siege Tank  
  47  4:15  SCV  
  53  4:19  Supply Depot  
  53  4:20  SCV  
  54  4:30  SCV, Marine x2  
  57  4:32  SCV  
  57  4:35  Banshee  
  61  4:42  SCV  
  61  4:44  SCV, Supply Depot  
  63  4:47  Marine  
  63  4:48  Marine  
  65  4:53  Siege Tank  
  65  4:54  SCV  
  65  4:57  SCV  
  70  5:04  Command Center  
  70  5:06  SCV, Marine x2  
  73  5:09  SCV  
  73  5:12  Supply Depot  
  74  5:18  SCV  
  73  5:21  SCV  
  73  5:27  Barracks  
  74  5:29  Siege Tank  
  74  5:30  Marine, Barracks  
  74  5:33  Marine  
  74  5:35  Banshee  
  82  5:42  Refinery  
  83  5:44  SCV, Refinery  
  83  5:45  Supply Depot  
  83  5:46  SCV  
  84  5:56  SCV  
  81  5:59  Marine  
  72  6:05  Marine  
  72  6:11  SCV, Engineering Bay  
  72  6:12  Engineering Bay  
  72  6:17  Factory Reactor, Orbital Command  
  72  6:18  Barracks x2  
  73  6:24  Marauder  
  73  6:25  SCV  
  69  6:27  SCV  
  69  6:30  Starport Reactor, Marine  
  64  6:34  Stimpack  
  64  6:37  SCV  
  64  6:39  SCV, Combat Shield  
  66  6:40  Marine  
  66  6:41  Marine  
  68  6:48  Marauder  
  68  6:49  SCV  
  68  6:52  SCV, Terran Infantry Armor Level 1  
  72  6:54  Widow Mine  
  72  6:55  Widow Mine, Marine  
  72  6:58  Marine  
  72  7:01  SCV, Marauder  
  80  7:03  Supply Depot  
  80  7:05  Orbital Command, Barracks Tech Lab x2  
  80  7:07  SCV  
  82  7:09  Marauder  
  82  7:11  Medivac x2  
  82  7:13  SCV, Marine  
  90  7:17  Widow Mine  
  90  7:18  Widow Mine  
  90  7:19  Marine  
  90  7:20  SCV, Supply Depot  
  90  7:22  Marauder  
  98  7:26  SCV  
  98  7:27  Marine  
  98  7:28  Marauder  
  102  7:30  Marine  
  102  7:31  Concussive Shells  
  102  7:32  SCV  
  102  7:33  SCV  
  102  7:35  Supply Depot x2  
  105  7:38  SCV, Terran Infantry Weapons Level 1  
  105  7:43  Marauder  
  105  7:44  SCV  
  107  7:45  SCV  
  107  7:46  Marauder  
  107  7:48  Marauder  
  107  7:50  SCV  
  113  7:54  Refinery, Marauder  
  113  7:55  Refinery  
  113  7:56  SCV  
  113  7:57  Viking x2  
  120  8:00  SCV  
  120  8:04  Supply Depot  
  120  8:05  Marauder  
  122  8:06  Supply Depot  
  122  8:11  SCV  
  122  8:12  Marauder, Marine  
  126  8:13  SCV  
  126  8:14  Marauder  
  126  8:17  Marine  
  126  8:18  Marauder  
  132  8:20  SCV, Starport  
  132  8:26  Marauder  
  134  8:27  Supply Depot  
  134  8:29  Marine  
  134  8:30  Viking  
  134  8:32  Viking  
  134  8:34  Marauder  
  133  8:35  Marine x2  
  133  8:39  Marine  
  111  8:52  Marauder  
  111  8:53  Marine  
  111  8:54  Marauder  
  109  8:57  Marauder, Marine  
  109  9:00  Marine  
  111  9:11  Marine  
  111  9:14  Marauder  
  111  9:15  Marauder, Marine  
  115  9:17  Marine  
  113  9:26  Marine  
  113  9:27  SCV  
  111  9:33  SCV  
  111  9:35  Armory, Marauder  
  111  9:36  SCV, Marauder  
  111  9:37  Medivac  
  111  9:38  Medivac  
  121  9:40  Marauder  
  121  9:41  SCV  
  121  9:45  SCV  
  125  9:47  Marauder, Marine x2  
  125  9:50  SCV  
  130  9:56  Marauder  
  130  9:57  Marauder  
  130  9:58  SCV, Ghost Academy  
  135  10:00  Supply Depot  
  135  10:01  Marine  
  135  10:05  SCV x2  
  138  10:10  Marauder  
  138  10:11  Viking x2  
  138  10:13  SCV, Supply Depot  
  145  10:17  Supply Depot  
  145  10:19  Marauder x2  
  149  10:24  Terran Infantry Weapons Level 2  
  149  10:29  Terran Infantry Armor Level 2  
  149  10:32  SCV  
  149  10:35  Ghost  
  149  10:39  Ghost  
  151  10:49  Ghost  
  153  10:52  Command Center  
  153  10:53  Marine x2  
  153  10:54  Marauder  
  158  11:04  Marauder  
  158  11:08  Marine  
  151  11:11  Marine x2  
  151  11:14  Viking x2  
  151  11:15  Marauder  
  161  11:18  Marauder  
  161  11:25  Marine  
  162  11:27  Marauder  
  162  11:28  Missile Turret  
  162  11:29  Missile Turret  
  162  11:30  Missile Turret, Marine  
  165  11:36  Ghost  
  165  11:37  Marine  
  165  11:39  Marine  
  168  11:40  Supply Depot  
  168  11:43  Marine  
  168  11:44  Viking x2  
  173  11:47  Marine  
  173  11:49  Marine  
  175  11:58  Supply Depot, Marauder, Marine  
  180  12:01  Marauder  
  180  12:05  Marauder  
  180  12:06  Missile Turret  
  180  12:07  Marine x2  
  184  12:10  SCV x2  
  184  12:11  SCV  
  187  12:17  Marine  
  187  12:19  Marauder  
  187  12:22  SCV, Marauder  
  193  12:25  Marauder, Marine  
  175  12:45  Marine  
  175  12:46  Marauder  
  175  12:47  Marauder, Marine  
  175  12:50  Marine  
  175  12:51  Marauder  
  174  12:53  SCV  
  174  12:55  Liberator x2  
  166  13:03  Marine  
  166  13:04  Marine  
  158  13:06  SCV  
  158  13:07  Marauder  
  158  13:08  Marauder, Marine  
  158  13:11  Marine  
  153  13:21  Marine  
  153  13:24  SCV  
Tags
 
Add a new tag
Caveats
  • Supply blocks, unpowered buildings, or Contaminate may cause inaccurate times.
  • Supply counts are checked every 10 seconds.